 Dungeon Crawl Stone Soup version 0.25-a0-589-g1e14c549ee (webtiles) character file.

Game seed: 6331566207733552461, levelgen mode: deterministic

1346 Esekla the Covert (level 8, -2/37 HPs)
             Began as a Spriggan Artificer on Mar 10, 2020.
             Slain by an orc warrior
             ... wielding a +0 hand axe
              (18 damage)
             ... on level 6 of the Dungeon.
             The game lasted 00:40:54 (5759 turns).

Esekla the Covert (Spriggan Artificer)              Turns: 5759, Time: 00:41:00

Health: -2/37      AC:  3    Str:  8    XL:     8   Next: 36%
Magic:  12/12      EV: 23    Int: 15    God:
Gold:   300        SH:  0    Dex: 16    Spells: 7/7 levels left

rFire    . . .     SeeInvis +   i - +0 dagger (distort)
rCold    + . .     Gourm    .   (shield restricted)
rNeg     . . .     Faith    .   b - +1 robe
rPois    .         Spirit   .   (helmet restricted)
rElec    .         Reflect  .   (no cloak)
rCorr    .         Harm     .   (gloves unavailable)
MR       +....     Rnd*Tele +   (boots unavailable)
Stlth    ++++......             p - amulet of regeneration
HPRegen  0.52/turn              x - ring of protection from cold
MPRegen  0.13/turn              A - ring of teleportation

@: very quick
A: very small, unfitting armour, see invisible, herbivore, speed 3, slow
metabolism 2
a: no special abilities


You were on level 6 of the Dungeon.
You were not hungry.

You visited 1 branch of the dungeon, and saw 6 of its levels.

You collected 300 gold pieces.

Inventory:

Hand Weapons
 i - a +0 dagger of distortion (weapon)
 G - a +0 short sword of venom
Armour
 b - a +1 robe (worn)
 g - a +0 leather armour
Jewellery
 a - an uncursed amulet of guardian spirit
 k - an uncursed ring of poison resistance
 m - an uncursed ring of stealth
 p - an amulet of regeneration (around neck)
 x - a ring of protection from cold (left hand)
 A - a ring of teleportation (right hand)
 B - a +5 amulet of reflection
Wands
 c - a wand of flame (15)
 d - a wand of enslavement (15)
 e - a wand of random effects (15)
 D - a wand of disintegration (14)
Scrolls
 o - a scroll of remove curse
 s - 2 scrolls of enchant armour
 t - a scroll of magic mapping {unknown}
 u - a scroll of fog {unknown}
 v - a scroll of amnesia {unknown}
 y - 2 scrolls of teleportation {unknown}
 z - a scroll of noise {unknown}
 E - a scroll of identify
Potions
 h - 2 potions of curing
 j - a potion of berserk rage {unknown}
 l - 2 potions of haste {unknown}
 n - 2 potions of flight
 q - a potion of brilliance {unknown}
 r - 4 potions of heal wounds
 w - a potion of magic {unknown}
 C - a potion of lignification {unknown}
Comestibles
 f - 10 rations


   Skills:
 - Level 0.7 Fighting
 * Level 7.3 Short Blades
 + Level 2.8 Throwing
 * Level 7.6 Dodging
 - Level 8.0 Stealth
 - Level 4.0 Evocations


You had 7 spell levels left.
You didn't know any spells.
Your spell library contained the following spells:

 Spells                   Type           Power        Failure   Level  Hunger
 Animate Skeleton         Necr           N/A          26%         1    ##.....
 Pain                     Necr           #...         26%         1    ##.....
 Vampiric Draining        Necr           #.........   63%         3    ####...
 Animate Dead             Necr           N/A          95%         4    #####..
 Agony                    Necr           #.......     100%        5    ######.


Dungeon Overview and Level Annotations

Branches:
Dungeon (6/15)
 Temple: D:4-7

Altars:
Cheibriados
Fedhas
Makhleb
Okawaru
Qazlal
Xom
The Shining One

Shops:
D:4 :

Annotations:
D:4 3 runed translucent doors, Tenar's ghost, weakling DEEE


Innate Abilities, Weirdness & Mutations

You are very small and have problems with some larger weapons.
You are too small for most types of armour.
You have supernaturally acute eyesight. (SInv)
You are a herbivore.
You cover ground extremely quickly.
You need to consume almost no food.


Message History

The orc priest begins to cast a cantrip, but forgets the words!
The orc warrior hits you with a +0 hand axe!
* * * LOW HITPOINT WARNING * * *
You closely miss the orc warrior.
The orc warrior is lightly wounded.
The orc priest casts a cantrip, but nothing happens.
The orc warrior misses you.
You feel much better.
The orc warrior hits you with a +0 hand axe!
The orc warrior misses you.
As you read the scroll labeled NAORI UBBE, it crumbles to dust.
It is a scroll of enchant armour.
Your +0 robe glows green for a moment.
The orc warrior misses you.
As you read the scroll labeled TEGYOM LIQUOGYAKA, it crumbles to dust.
You feel as if something is helping you.
It was a scroll of remove curse.
The orc warrior completely misses you.
The orc priest invokes the aid of Beogh against you.
Beogh smites you!
The orc warrior hits you with a +0 hand axe!!
You die...

## ##.### ###
......####
######.## #
.........##
#@o##...## ##
..........##
##o####...# #.
...........####oo#
##..## ##.
............##oo##
#...## ##..
!...........##.##
##...# #...
.............(s#
#...####...
...o...o......##
##...##....
.......o.......#
#.........
............(...#
##...#....


You could see 2 orc warriors, a scorpion (wandering), an orc priest, an orc
wizard and 2 orcs.

Vanquished Creatures
  An ogre (D:5)
  2 phantoms
  A centaur (D:5)
  3 bullfrogs
  2 scorpions (D:5)
  A centaur zombie (D:6)
  A crimson imp (D:5)
  2 bullfrog skeletons
  2 hounds
  A gnoll shaman (D:4)
  6 worker ants
  An iguana (D:5)
  A killer bee zombie (D:6)
  10 gnolls
  6 adders
  A shadow imp (D:6)
  2 worms
  6 dart slugs
  3 leopard geckos
  7 orcs
  4 giant cockroaches
  4 goblins
  4 hobgoblins
  11 jackals
  3 quokkas (D:2)
  8 bats
  A frilled lizard (D:2)
  A giant cockroach zombie (D:5)
  6 kobolds
  A leopard gecko skeleton (D:4)
  3 quokka skeletons
  A quokka zombie (D:6)
  4 rats
110 creatures vanquished.

Vanquished Creatures (others)
  A bullfrog (D:5)
  A gnoll (D:2)
  An ooze (D:2)
  An adder zombie (D:5)
  A worm (D:2)
  A giant cockroach (D:6)
  A hobgoblin (D:2)
  2 jackals
  A kobold (D:2)
10 creatures vanquished.

Grand Total: 120 creatures vanquished

Notes
Turn   | Place    | Note
-------+----------+-------------------------------------------
     0 | D:1      | Esekla the Spriggan Artificer began the quest for the Orb.
     0 | D:1      | Reached XP level 1. HP: 9/9 MP: 4/4
   621 | D:1      | Reached XP level 2. HP: 14/14 MP: 6/6
  1033 | D:2      | Reached skill level 2 in Stealth
  1130 | D:2      | Reached XP level 3. HP: 17/17 MP: 7/7
  1795 | D:2      | Reached XP level 4. HP: 20/21 MP: 8/8
  1888 | D:2      | Found a glowing golden altar of the Shining One.
  1888 | D:2      | Found a stormy altar of Qazlal.
  1990 | D:2      | Reached skill level 5 in Dodging
  2079 | D:2      | Found a shimmering altar of Xom.
  2268 | D:3      | Found a snail-covered altar of Cheibriados.
  2349 | D:3      | Reached skill level 3 in Stealth
  2391 | D:3      | Reached XP level 5. HP: 22/25 MP: 9/9
  2545 | D:3      | Found a blossoming altar of Fedhas.
  2688 | D:3      | Found a burning altar of Makhleb.
  2995 | D:4      | Reached skill level 4 in Stealth
  3008 | D:4      | Found an iron altar of Okawaru.
  3035 | D:4      | Found Edwa Bowke's Book Shoppe.
  3192 | D:4      | Found a runed translucent gate.
  3193 | D:4      | Found a runed translucent gate.
  3193 | D:4      | Noticed Tenar's ghost (weakling DEEE)
  3194 | D:4      | Found a runed translucent gate.
  3194 | D:4      | Identified the +7 whip "Dulao" {chaos, Dex+2}
  3383 | D:4      | Reached XP level 6. HP: 29/29 MP: 10/10
  3573 | D:4      | Reached skill level 5 in Stealth
  3621 | D:4      | Reached skill level 5 in Short Blades
  3705 | D:5      | Entered Level 5 of the Dungeon
  3817 | D:5      | Reached skill level 1 in Throwing
  4055 | D:5      | Reached skill level 6 in Stealth
  4055 | D:5      | Reached XP level 7. HP: 17/32 MP: 11/11
  5002 | D:6      | Reached skill level 7 in Stealth
  5212 | D:6      | Reached XP level 8. HP: 35/37 MP: 12/12
  5241 | D:5      | Reached skill level 8 in Stealth
  5759 | D:6      | Slain by an orc warrior

Levels and vault maps discovered:
D:1:      dpeg_arrival_tiny_a, layout_loops_ring
D:2:      layout_basic, brannock_xom_greatest_gift,
          amethyst_overflow_temple_binary
D:3:      layout_loops_cross, makhleb_heckhound_becter,
          overflow_temple_1_default, fedhas_altar_3
D:4:      layout_basic, lemuel_crystal_altar, gammafunk_ghost_nasty_kobolds,
          serial_shops, shop
D:5:      layout_layer_cave, first_ration, kennysheep_generic_room_14
D:6:      cheibrodos_fzero, layout_cave_pods

Skill      XL: |  1  2  3  4  5  6  7  8 |
---------------+-------------------------+-----
Dodging        | 4 5 6 7 |  7.6
Stealth        | 2 3 4 6 7 8 |  8.0
Short Blades   | 2 3 4 5 6 7 |  7.3
Throwing       | 1 2 |  2.8
Fighting       | |  0.7
Evocations     | |  4.0

Action                   |  1- 3 |  4- 6 |  7- 9 || total
-------------------------+-------+-------+-------++-------
Melee: Short sword       |    18 |       |       ||    18
       Dagger            |    97 |   175 |   114 ||   386
Throw: Dart              |       |    19 |    18 ||    37
  Use: Scroll            |       |     3 |     2 ||     5
       Potion            |       |       |     1 ||     1
 Stab: Sleeping          |     5 |    13 |     6 ||    24
  Eat: Ration            |       |     1 |       ||     1
Armor: Robe              |     9 |     3 |     5 ||    17
Dodge: Dodged            |    76 |   119 |   100 ||   295

Table legend:
 A = Non-vault XP
 B = Vault XP
 C = Vault XP percentage of total XP
 D = Non-vault monster count
 E = Vault monster count
 F = Vault count percentage of total count
                 A         B        C        D         E       F
            +---------+---------+-------+---------+---------+-------
      Total |    1291 |     632 |  32.9 |     103 |      17 |  14.2
            +---------+---------+-------+---------+---------+-------
        D:1 |      28 |       0 |   0.0 |      15 |       0 |   0.0
        D:2 |      97 |       0 |   0.0 |      29 |       0 |   0.0
        D:3 |     109 |      40 |  26.8 |      19 |       1 |   5.0
        D:4 |     338 |       0 |   0.0 |      16 |       0 |   0.0
        D:5 |     329 |     432 |  56.8 |      12 |       9 |  42.9
        D:6 |     390 |     160 |  29.1 |      12 |       7 |  36.8
            +---------+---------+-------+---------+---------+-------
